 Dungeon Crawl Stone Soup version 0.24-a0-285-g3c078ff (webtiles) character file.

Game seed: 16314464527087545757

23942 MisterFreud the Carver (level 13, -6/83 HPs)
             Began as an Octopode Fighter on May 7, 2019.
             Was a High Priest of Cheibriados.
             Mangled by a catoblepas (16 damage)
             ... while petrified by you
             ... on level 4 of the Lair of Beasts.
             The game lasted 00:40:58 (17383 turns).

MisterFreud the Carver (Octopode Fighter)          Turns: 17383, Time: 00:40:58

Health: -6/83      AC:  1    Str: 29    XL:     13   Next: 9%
Magic:  22/22      EV:  2    Int: 29    God:    Cheibriados [*****.]
Gold:   1077       SH:  0    Dex: 23    Spells: 17/24 levels left

rFire    . . .     SeeInvis .   b - +3 long sword
rCold    . . .     Gourm    .   y - +1 shield {reflect}
rNeg     + + +     Faith    .   (helmet restricted)
rPois    ∞         Spirit   .   (no amulet)
rElec    .         Reflect  +   s - +3 ring of evasion
rCorr    .         Harm     .   i - +3 ring of intelligence
MR       +....                  f - ring of stealth
Stlth    ++++++....             B - ring of protection from magic
HPRegen  0.23/turn              t - ring of positive energy
MPRegen  0.18/turn              (no ring)
                                (no ring)
                                (no ring)

@: petrified, frozen, very slow
A: almost no armour, stealthy swim, amphibious, 8 rings, constrict 8, camouflage
1, gelatinous body 1
a: Bend Time, Temporal Distortion, Slouch, Step From Time, Renounce Religion


You were on level 4 of the Lair of Beasts.
You worshipped Cheibriados.
Cheibriados was extremely pleased with you.
You were not hungry.

You visited 3 branches of the dungeon, and saw 15 of its levels.
You also visited: Ossuary.

You collected 1077 gold pieces.

Inventory:

Hand Weapons
 b - a +3 long sword (weapon)
 D - a +3 mace
Missiles
 e - 498 stones (quivered)
 g - 55 poisoned needles
 m - 115 bolts
 o - 125 arrows
 q - 4 tomahawks
 r - 91 sling bullets
 F - 6 curare-tipped needles
Armour
 y - a +1 shield of reflection (worn)
Jewellery
 f - a ring of stealth (on tentacle)
 i - a +3 ring of intelligence (right tentacle)
 s - a +3 ring of evasion (left tentacle)
 t - a ring of positive energy (on tentacle)
 B - a ring of protection from magic (on tentacle)
Wands
 a - a wand of flame (21)
 k - a wand of paralysis (1)
Scrolls
 h - 2 scrolls of blinking
 j - a scroll of magic mapping
 l - 11 scrolls of remove curse
 n - 7 scrolls of amnesia
 E - 2 scrolls of identify
 G - a scroll of vulnerability
Potions
 c - 2 potions of might
 p - a potion of agility
 u - 2 potions of magic
 v - 5 potions of flight
 w - 2 potions of mutation
 x - a potion of cancellation
 z - a potion of resistance
 A - a potion of brilliance
 C - 3 potions of curing
 H - a potion of heal wounds
Comestibles
 d - 24 rations
 I - 3 chunks of flesh


   Skills:
 - Level 6.0 Fighting
 + Level 12.4 Long Blades
 - Level 10.0 Dodging
 - Level 6.1 Stealth
 - Level 6.0 Shields
 - Level 6.0 Spellcasting
 * Level 9.1 Earth Magic
 - Level 6.0 Invocations


You had 17 spell levels left.
You knew the following spells:

 Your Spells              Type           Power        Failure   Level  Hunger
a - Passwall              Tmut/Erth      #####...     4%          2    None
b - Lee's Rapid Deconstr  Erth           ######....   12%         5    #####..

Your spell library contained the following spells:

 Spells                   Type           Power        Failure   Level  Hunger
 Sandblast                Erth           ######       1%          1    None
 Stone Arrow              Conj/Erth      #####.       9%          3    None
 Beastly Appendage        Tmut           #.....       19%         1    None
 Flame Tongue             Conj/Fire      #....        19%         1    None
 Sticks to Snakes         Tmut           #.......     26%         2    None
 Throw Flame              Conj/Fire      #.....       26%         2    None
 Petrify                  Tmut/Erth      #####...     28%         4    ###....
 Conjure Flame            Conj/Fire      #.......     47%         3    None
 Inner Flame              Hex/Fire       #.......     47%         3    None
 Spider Form              Tmut/Pois      #.........   47%         3    None
 Ice Form                 Ice/Tmut       #.......     87%         4    ###....
 Sticky Flame             Conj/Fire      #.......     87%         4    ###....
 Blade Hands              Tmut           #.........   99%         5    #####..
 Fireball                 Conj/Fire      #.........   99%         5    #####..


Dungeon Overview and Level Annotations

Branches:
Dungeon (10/15)            Temple (1/1) D:6            Lair (4/6) D:9
  Swamp (0/4) Lair:3        Snake (0/4) Lair:4          Orc (0/2) D:9

Altars:
Ashenzari
Cheibriados
Dithmenos
Elyvilon
Fedhas
Gozag
Kikubaaqudgha
Nemelex Xobeh
Okawaru
Qazlal
Ru
Sif Muna
Trog
Uskayaw
Vehumet
Wu Jian
Zin
Beogh

Shops:
D:5 %

Annotations:
Lair:3 1 runed translucent door, exclusions: downstairs and oklob plant, frenix's ghost, journeyman DsBe
Lair:4 1 exclusion


Innate Abilities, Weirdness & Mutations

You cannot wear most types of armour.
You are very stealthy in the water. (Stealth+)
You are amphibious.
You can wear up to eight rings at the same time.
You can use your tentacles to constrict eight enemies at once.
Your skin changes colour to match your surroundings (Stealth+).
Your rubbery body absorbs attacks. (AC +1, EV +1)


Message History

You have turned to stone.
The catoblepas gores you! x2
A rime drake comes into view.
The catoblepas gores you!!
The rime drake hisses angrily.
The catoblepas gores you. x3
The rime drake breathes ice at you. The flash freeze hits you!!
* * * LOW HITPOINT WARNING * * *
You are encased in ice.
The catoblepas breathes a plume of calcifying dust at you.
The blast of calcifying dust hits you!
* * * LOW HITPOINT WARNING * * *
The blast of calcifying dust hits the rime drake.
You are engulfed in calcifying dust.
The rime drake is engulfed in calcifying dust.
The rime drake is moving more slowly.
The rime drake bites you!
* * * LOW HITPOINT WARNING * * *
The catoblepas gores you!!
You die...

###...#....#.#.#.#.##
##..............##
###......#.#.#.###
#................###
##........#.#.#.#>P..
####.÷..................
#.#...#####...#####....#
#....)#Y..##.##..H##..##
##.....#@$≈≈###≈≈[.###..#
##......#k≈..≈.≈..≈.# #.##
#.......##≈.......≈####..#
#........##≈.≈≈≈.≈##.#.#.#
......#...'.[≈<≈......#..#
.....#...##≈Y≈≈≈.≈##......
......####≈.......≈##...#.
...... #.≈..≈.≈.(≈.##....
..... #.(≈≈###≈≈$.###...


You could see 2 catoblepae and a rime drake (petrifying).

Vanquished Creatures
  4 elephants (Lair:3)
  2 black mambas
  Psyche (D:8)
  9 spiny frogs
  5 komodo dragons
  A troll (D:9)
  A polar bear (Lair:3)
  A hornet (Lair:1)
  Prince Ribbit (Lair:1)
  7 blink frogs
  8 hippogriffs
  2 basilisks
  37 yaks
  2 hungry ghosts
  Menkaure (D:4)
  6 vampire mosquitoes (Lair:3)
  6 porcupines
  5 orc warriors
  9 water moccasins
  A sky beast (D:8)
  3 ice beasts
  6 ogres
  5 wolves (Lair:3)
  8 crocodiles
  A centaur (D:9)
  7 bullfrogs
  2 elf skeletons (D:8)
  3 scorpions
  8 killer bees
  4 wights (D:9)
  4 howler monkeys
  8 crimson imps
  A centaur zombie (D:5)
  11 orc priests
  A jelly (D:7)
  4 hounds
  11 orc wizards
  A bullfrog skeleton (D:7)
  4 human skeletons (D:8)
  3 iguanas
  Natasha (thrice) (D:2)
  6 worker ants
  2 hound skeletons
  8 mummies (Ossuary)
  2 worker ant zombies (D:5)
  4 gnolls
  27 adders
  4 shadow imps
  2 oozes
  An adder zombie (D:9)
  4 adder skeletons
  A worm (D:2)
  10 leopard geckos
  42 orcs
  A ball python (Lair:4)
  7 giant cockroaches
  5 goblins
  10 hobgoblins
  5 jackals
  6 quokkas
  12 bats
  7 frilled lizards
  3 hobgoblin zombies (Ossuary)
  A jackal skeleton (D:4)
  5 kobolds
  3 kobold zombies (Ossuary)
  2 leopard gecko skeletons (D:4)
  3 orc skeletons (D:8)
  4 orc zombies
  A quokka skeleton (D:4)
  A quokka zombie (D:7)
  5 rats
  A butterfly (Lair:3)
402 creatures vanquished.

Vanquished Creatures (others)
  Sonja (Lair:3)
  2 bushes (Lair:1)
  20 fungi
  35 plants
  2 withered plants (Lair:3)
60 creatures vanquished.

Grand Total: 462 creatures vanquished

Notes
Turn   | Place    | Note
-------+----------+-------------------------------------------
     0 | D:1      | MisterFreud the Octopode Fighter began the quest for the
                  | Orb.
     0 | D:1      | Reached XP level 1. HP: 16/16 MP: 1/1
   185 | D:1      | Reached XP level 2. HP: 17/21 MP: 2/2
   322 | D:1      | Reached skill level 3 in Long Blades
   996 | D:2      | Noticed Natasha
   998 | D:2      | Noticed a crimson imp
   999 | D:2      | Killed Natasha
   999 | D:2      | Reached XP level 3. HP: 26/26 MP: 3/3
  1041 | D:2      | Reached skill level 4 in Long Blades
  1088 | D:2      | Reached XP level 4. HP: 31/31 MP: 4/4
  1505 | D:2      | Found a shadowy altar of Dithmenos.
  1568 | D:2      | Noticed Natasha
  1575 | D:2      | Killed Natasha
  1575 | D:2      | Reached skill level 5 in Long Blades
  1575 | D:2      | Reached XP level 5. HP: 27/36 MP: 5/5
  1584 | D:2      | Noticed Natasha
  1590 | D:2      | Killed Natasha
  2354 | D:3      | Reached skill level 6 in Long Blades
  2834 | D:3      | Reached XP level 6. HP: 36/42 MP: 6/6
  3560 | D:4      | Reached skill level 5 in Dodging
  3595 | D:4      | Noticed Menkaure
  3657 | D:3      | Reached XP level 7. HP: 21/46 MP: 7/7
  3922 | D:4      | HP: 2/46 [leopard gecko skeleton (2)]
  4219 | D:4      | Killed Menkaure
  4646 | D:5      | Entered Level 5 of the Dungeon
  4704 | D:5      | Reached XP level 8. HP: 52/54 MP: 8/8
  4721 | D:5      | Found a bloodstained altar of Trog.
  5080 | D:5      | Reached skill level 7 in Long Blades
  5216 | D:5      | Found an ancient bone altar of Kikubaaqudgha.
  5233 | D:5      | Found Nurey's Food Shoppe.
  5547 | D:5      | Reached skill level 5 in Fighting
  6328 | D:6      | Reached skill level 8 in Long Blades
  6544 | D:6      | Found a blossoming altar of Fedhas.
  6606 | D:6      | Reached XP level 9. HP: 27/62 MP: 9/9
  6831 | D:6      | Reached skill level 9 in Long Blades
  7816 | D:6      | Found a staircase to the Ecumenical Temple.
  7941 | Temple   | Entered the Ecumenical Temple
  7962 | Temple   | Became a worshipper of Cheibriados the Contemplative
  8160 | D:7      | Reached skill level 10 in Long Blades
  8440 | D:7      | Reached * piety under Cheibriados
  8488 | D:7      | Found a hide-covered altar of Uskayaw.
  8699 | D:8      | Found a sand-covered staircase.
  8704 | Ossuary  | Entered an ossuary
  9065 | D:8      | Reached ** piety under Cheibriados
  9173 | D:8      | Reached skill level 5 in Shields
  9173 | D:8      | Reached XP level 10. HP: 34/68 MP: 10/10
  9749 | D:8      | Found a sparkling altar of Nemelex Xobeh.
  9939 | D:8      | Noticed Psyche
  9945 | D:8      | Killed Psyche
 10201 | D:9      | Found a staircase to the Lair.
 10204 | D:9      | Reached *** piety under Cheibriados
 10204 | D:9      | Reached skill level 1 in Stealth
 10287 | D:9      | Reached skill level 1 in Invocations
 10516 | D:8      | Reached skill level 5 in Stealth
 11234 | D:9      | Found an iron altar of Okawaru.
 11255 | D:9      | Reached XP level 11. HP: 72/72 MP: 14/14
 11276 | D:9      | Found a staircase to the Orcish Mines.
 11287 | D:9      | Reached **** piety under Cheibriados
 11291 | D:9      | Found a roughly hewn altar of Beogh.
 11314 | D:9      | Reached skill level 10 in Dodging
 11795 | D:9      | Found a stormy altar of Qazlal.
 11946 | D:9      | Found an ornate altar of the Wu Jian Council.
 11946 | D:9      | Found a sacrificial altar of Ru.
 11947 | D:9      | Found a glowing silver altar of Zin.
 12026 | D:10     | Entered Level 10 of the Dungeon
 12135 | D:10     | Reached skill level 5 in Invocations
 12146 | D:10     | Learned a level 2 spell: Passwall
 12152 | D:10     | Learned a level 5 spell: Lee's Rapid Deconstruction
 12208 | Lair:1   | Entered Level 1 of the Lair of Beasts
 12286 | Lair:1   | Noticed a seven-headed hydra
 12400 | Lair:1   | Reached ***** piety under Cheibriados
 12523 | Lair:1   | Noticed Prince Ribbit
 12529 | Lair:1   | Killed Prince Ribbit
 12529 | Lair:1   | Reached skill level 1 in Earth Magic
 12533 | Lair:1   | Reached skill level 1 in Spellcasting
 12733 | Lair:1   | Reached skill level 11 in Long Blades
 13118 | Lair:1   | Reached XP level 12. HP: 76/79 MP: 17/17
 14495 | Lair:3   | Reached skill level 5 in Earth Magic
 14521 | Lair:3   | Found a runed translucent door.
 14911 | Lair:3   | Found a staircase to the Swamp.
 15115 | Lair:3   | Noticed Sonja
 15127 | Lair:3   | Killed Sonja
 15200 | Lair:3   | Noticed frenix's ghost (journeyman DsBe)
 15301 | Lair:3   | Reached skill level 5 in Spellcasting
 15791 | Lair:3   | Found a shattered altar of Ashenzari.
 16413 | Lair:4   | Noticed a catoblepas
 16413 | Lair:4   | Noticed a catoblepas
 16441 | Lair:4   | Noticed a death yak
 16446 | Lair:4   | Reached skill level 12 in Long Blades
 16604 | Lair:4   | Found a staircase to the Snake Pit.
 16966 | Lair:4   | Noticed a five-headed hydra
 17039 | Lair:4   | Reached XP level 13. HP: 83/83 MP: 22/22
 17383 | Lair:4   | Mangled by a catoblepas

Levels and vault maps discovered:
D:1:      mrwooster_arrival_statue, layout_loops_corners
D:2:      layout_loops_corners, grunt_dithmenos_smoke, uniq_natasha
D:3:      layout_loops_ring, first_ration
D:4:      minmay_angry_zag, layout_cave_pools, uniq_menkaure
D:5:      layout_loops_ring, kiku_gazebo_garden_becter, basic_altar,
          serial_shops, nicolae_shop_waterfront
D:6:      layout_loops_ring, minmay_temple_entry_trees, fedhas_altar_1
D:7:      layout_basic, eat_drink_and_be_merry_uskayaw
D:8:      layout_basic, nemelex_altar_shiori, nicolae_ossuary_entry_catacombs,
          uniq_psyche
D:9:      layout_small_grid, nicolae_qazlal_style_of_elements,
          gammafunk_temple_overflow_claw, kennysheep_little_box,
          minmay_lair_entry_grove, minmay_orc_entry_temple_small
D:10:     layout_basic
Temple:   dshaligram_water_room_temple
Lair:1:   minmay_lair_venomous_thicket, layout_small_grid, serial_forest,
          infiniplex_forest_lined_2, infiniplex_forest_straight_3,
          infiniplex_forest_lined_3_way, infiniplex_forest_lined_room_,
          infiniplex_forest_clump_tiny, infiniplex_forest_lined_room_2,
          infiniplex_forest_straight_4, beast_lair_carwin_1, uniq_prince_ribbit2
Lair:2:   layout_small_grid
Lair:3:   layout_regular_city, minmay_swamp_entry_swarm, basic_altar,
          gammafunk_ghost_grave, beast_lair_carwin_9, lemuel_fruit_fields,
          minmay_lair_oklob_chamber, uniq_sonja
Lair:4:   nzn_motion_control, layout_hall_layers,
          minmay_snake_entry_six_corridors, chequers_serial_rivers_room_b,
          st_stairs_8, beast_lair_carwin_5

Skill      XL: |  1  2  3  4  5  6  7  8  9 10 11 12 13 |
---------------+----------------------------------------+-----
Long Blades    | 3 4 5 6 8 10 11 12 | 12.4
Dodging        | 5 6 7 9 10 | 10.0
Fighting       | 6 |  6.0
Shields        | 5 6 |  6.0
Stealth        | 6 |  6.1
Invocations    | 4 6 |  6.0
Earth Magic    | 4 8 9 |  9.1
Spellcasting   | 3 6 |  6.0

Action                   |  1- 3 |  4- 6 |  7- 9 | 10-12 | 13-15 || total
-------------------------+-------+-------+-------+-------+-------++-------
Melee: Long sword        |    43 |   143 |   373 |   544 |    23 ||  1126
       Tentacles         |    10 |    28 |   108 |   242 |    10 ||   398
       Constrict         |    11 |    43 |    85 |    69 |     2 ||   210
       Mace              |       |       |       |     3 |       ||     3
Throw: Stone             |       |       |       |    27 |     1 ||    28
Invok: Slouch            |       |       |       |     4 |     1 ||     5
Evoke: Wand              |       |       |       |     5 |       ||     5
  Use: Scroll            |     3 |     4 |     9 |     9 |       ||    25
       Potion            |       |       |     3 |     4 |       ||     7
 Stab: Sleeping          |     2 |     8 |    19 |     9 |     1 ||    39
       Distracted        |       |       |     1 |     3 |       ||     4
  Eat: Chunk             |     1 |     8 |    17 |    14 |     1 ||    41
       Ration            |       |       |     1 |       |       ||     1
Armor: Skin              |     4 |     9 |     8 |    79 |       ||   100
Dodge: Dodged            |    17 |    65 |   179 |   328 |    20 ||   609
Block: Shield            |    13 |    41 |   100 |   320 |    16 ||   490
       Reflection        |       |       |       |     4 |       ||     4
       Rpst.: Long sword |     4 |    18 |    52 |    87 |     4 ||   165

Table legend:
 A = Non-vault XP
 B = Vault XP
 C = Vault XP percentage of total XP
 D = Non-vault monster count
 E = Vault monster count
 F = Vault count percentage of total count
                 A         B        C        D         E       F
            +---------+---------+-------+---------+---------+-------
      Total |   20283 |   13921 |  40.7 |     295 |     106 |  26.4
            +---------+---------+-------+---------+---------+-------
        D:1 |      32 |       0 |   0.0 |      16 |       0 |   0.0
        D:2 |     164 |      35 |  17.6 |      32 |       1 |   3.0
        D:3 |     110 |       0 |   0.0 |      24 |       0 |   0.0
        D:4 |     445 |     369 |  45.3 |      23 |       7 |  23.3
        D:5 |     936 |       0 |   0.0 |      35 |       0 |   0.0
        D:6 |    1099 |       0 |   0.0 |      23 |       0 |   0.0
        D:7 |     493 |       0 |   0.0 |      16 |       0 |   0.0
        D:8 |    2000 |    1834 |  47.8 |      32 |      18 |  36.0
        D:9 |    2191 |    1161 |  34.6 |      33 |      13 |  28.3
       D:10 |     121 |       0 |   0.0 |       1 |       0 |   0.0
     Lair:1 |    1856 |    6137 |  76.8 |      10 |      27 |  73.0
     Lair:2 |    1091 |       0 |   0.0 |       6 |       0 |   0.0
     Lair:3 |    5674 |    2949 |  34.2 |      25 |      13 |  34.2
     Lair:4 |    4071 |    1281 |  23.9 |      19 |      11 |  36.7
    Ossuary |       0 |     155 | 100.0 |       0 |      16 | 100.0
            +---------+---------+-------+---------+---------+-------
